 Dungeon Crawl Stone Soup version 0.30-a0-702-gdf48620a09 (webtiles) character file.

Game seed: 15131727887995248880

32 Dartaoz the Cudgeller (level 3, -3/36 HPs)
             Began as an Ogre Gladiator on Jan 21, 2023.
             Slain by a gnoll
             ... wielding a +0 spear
              (5 damage)
             ... on level 2 of the Dungeon.
             The game lasted 00:03:14 (1141 turns).

Dartaoz the Cudgeller (Ogre Gladiator)              Turns: 1141, Time: 00:03:15

Health: -3/36      AC:  3    Str: 20    XL:     3   Next: 27%
Magic:  3/3        EV: 10    Int:  9    God:
Gold:   99         SH:  0    Dex: 10    Spells: 2/2 levels left

rFire   . . .      SeeInvis .    a - +0 flail
rCold   . . .      Faith    .    (no shield)
rNeg    + . .      Spirit   .    b - +0 robe
rPois   .          Reflect  .    c - +0 hat
rElec   .          Harm     .    (no cloak)
rCorr   .          Rampage  .    (gloves unavailable)
Will    .....                    (boots unavailable)
Stlth   +                        (no amulet)
HPRegen 0.26/turn                l - ring of positive energy
MPRegen 0.08/turn                (no ring)

@: no status effects
A: large, unfitting armour, tough skin 1
a: no special abilities


You were on level 2 of the Dungeon.
You visited 1 branch of the dungeon, and saw 2 of its levels.

You collected 99 gold pieces.

Inventory:

Hand Weapons
 a - a +0 flail (weapon)
Missiles
 d - 3 throwing nets (quivered)
Armour
 b - a +0 robe (worn)
 c - a +0 hat (worn)
Jewellery
 l - a ring of positive energy (left hand)
Scrolls
 f - 2 scrolls of identify {unknown}
 i - a scroll of vulnerability {unknown}
Potions
 g - 3 potions of haste {unknown}
 h - a potion of degeneration {unknown}
 j - a potion of lignification {unknown}
 k - a potion of curing {unknown}


   Skills:
 - Level 2.6 Fighting
 + Level 3.9 Maces & Flails
 - Level 2.0 Throwing
 - Level 2.6 Dodging


You had 2 spell levels left.
You didn't know any spells.
Your spell library was empty.

Dungeon Overview and Level Annotations

Branches:
Dungeon (2/15)

Altars:
Elyvilon


Innate Abilities, Weirdness & Mutations

You are too large for most types of armour.
You have tough skin. (AC +1)


Message History

You kill the goblin!
A rat is nearby!
You hit the rat.
You kill the rat!
No target in view!
There is an open door, spattered with blood here.
Things that are here:
a +0 club; a goblin corpse; a ball python corpse
Found a stone staircase leading down.
Found 5 poisoned darts.
Found a white marble altar of Elyvilon.
You now have 99 gold pieces (gained 12).
You open the door.
The gnoll shouts!
You hear a shout!
There are monsters nearby!
A frilled lizard comes into view.
You throw a large rock. The large rock barely misses the gnoll.
The gnoll throws a throwing net.
The throwing net hits you.
You become entangled in the net!
The frilled lizard hisses.
You are held in a net!
You are held in a net!
You tear a large gash into the net.
The gnoll hits you with a +0 flail!
You struggle against the net.
The gnoll barely misses you.
You struggle against the net.
The gnoll hits you but does no damage. The gnoll hits you with a +0 flail!
You rip the net and break free!
The gnoll closely misses you. The gnoll hits you with a +0 flail.
You hit the gnoll but do no damage. The gnoll closely misses you.
The gnoll hits you but does no damage.
You barely miss the gnoll. The gnoll barely misses you.
The gnoll hits you from afar with a +0 spear!
* * * LOW HITPOINT WARNING * * *
You barely miss the gnoll. The gnoll barely misses you.
The gnoll hits you from afar with a +0 spear.
* * * LOW HITPOINT WARNING * * *
The gnoll hits you with a +0 flail!
* * * LOW HITPOINT WARNING * * *
The gnoll hits you from afar with a +0 spear.
You die...

## . ## #. #.# ... #.###
#.. .... ...# ### .....
#.### ..
.....g#####...#######.#
(....gg@..............##
.....l#######.....##....
..... #........(... ....
#..._........ ...
#............ ##
#............
########............
................#...
................#...


You could see 3 gnolls and a frilled lizard.

Vanquished Creatures
  A dart slug (D:1)
  7 ball pythons
  3 endoplasms (D:1)
  2 hobgoblins
  6 jackals (D:1)
  2 quokkas (D:1)
  2 frilled lizards (D:1)
  2 goblins
  3 rats
28 creatures vanquished.

Vanquished Creatures (others)
  4 toadstools (D:1)
4 creatures vanquished.

Grand Total: 32 creatures vanquished

Notes
Turn   | Place    | Note
-------+----------+-------------------------------------------
     0 | D:1      | Dartaoz the Ogre Gladiator began the quest for the Orb.
     0 | D:1      | Reached XP level 1. HP: 22/22 MP: 1/1
    41 | D:1      | Reached skill level 3 in Maces & Flails
    45 | D:1      | Reached XP level 2. HP: 29/29 MP: 2/2
   624 | D:1      | Reached XP level 3. HP: 36/36 MP: 3/3
  1113 | D:2      | Found a white marble altar of Elyvilon.
  1141 | D:2      | Slain by a gnoll

Illustrated notes

Levels and vault maps discovered:
D:1:      ldierk_walled_garden_2, layout_basic
D:2:      layout_basic, basic_altar, uniq_crazy_yiuf_cottage

Skill      XL: |  1 |
---------------+----+-----
Maces & Flails | 3 |  3.9
Fighting       | |  2.6
Throwing       | |  2.0
Dodging        | |  2.6

Action                   || total
-------------------------++-------
Melee: Flail             ||    61
       Punch             ||     1
Throw: Large rock        ||     1
Armor: Robe              ||    17
Dodge: Dodged            ||    35

Table legend: (Time is in decaauts)
 A = Elapsed time spent in this place.
 B = Non-inter-level travel time spent in this place.
 C = Inter-level travel time spent in this place.
 D = Time resting spent in this place.
 E = Time spent auto-exploring this place.
 F = Levels seen in this place.
 G = Mean time per level.
                   A        B        C        D        E       F      G
               +--------+--------+--------+--------+--------+-----+--------+
         Total |   1154 |   1060 |     94 |      0 |    863 |   2 |  577.0 |
       Dungeon |   1154 |   1060 |     94 |      0 |    863 |   2 |  577.0 |
               +--------+--------+--------+--------+--------+-----+--------+

Top non-repeatable levels by time:
     D:1: 974 daAuts
     D:2: 180 daAuts
